 Dungeon Crawl Stone Soup version 0.22.1-2-g9c5b331 (webtiles) character file.

1734 like the Spear-Bearer (level 8, -3/73 HPs)
             Began as a Minotaur Berserker on Dec 16, 2018.
             Was an Elder of Trog.
             Slain by an orc warrior
             ... wielding a +0 glaive
              (25 damage)
             ... on level 7 of the Dungeon.
             The game lasted 00:21:32 (5086 turns).

like the Spear-Bearer (Minotaur Berserker)          Turns: 5086, Time: 00:21:33

Health: -3/73      AC: 12    Str: 27    XL:     8   Next: 76%
Magic:  7/7        EV: 10    Int:  4    God:    Trog [****..]
Gold:   251        SH:  0    Dex: 10    Spells: 7/7 levels left

rFire    . . .     SeeInvis .   a - +0 spear
rCold    . . .     Gourm    .   (no shield)
rNeg     . . .     Faith    .   g - +0 chain mail
rPois    .         Spirit   .   (helmet restricted)
rElec    .         Reflect  .   (no cloak)
rCorr    .         Harm     .   (no gloves)
MR       .....                  o - +0 pair of boots
Stlth    ..........             (no amulet)
HPRegen  0.22/turn              s - +3 ring of strength
MPRegen  0.10/turn              (no ring)

@: slowed, very slow
A: retaliatory headbutt, horns 2
a: Berserk, Trog's Hand, Brothers in Arms, Renounce Religion


You were on level 7 of the Dungeon.
You worshipped Trog.
Trog was greatly pleased with you.
You were not hungry.

You visited 1 branch of the dungeon, and saw 7 of its levels.

You collected 251 gold pieces.

Inventory:

Hand Weapons
 a - a +0 spear (weapon)
 m - a cursed -2 mace
Armour
 b - a +0 animal skin
 g - a +0 chain mail (worn)
 o - a +0 pair of boots (worn)
 q - a +0 scale mail
 w - a +0 ring mail
Jewellery
 s - a +3 ring of strength (left hand)
 D - the amulet "Moomuqes" {Spirit -Tele Str+6 SInv, unknown}
   (You found it on level 5 of the Dungeon)

   [amulet of guardian spirit]

   It causes incoming damage to be split between your health and magic.
   It affects your strength (+6).
   It lets you see invisible.
   It prevents most forms of teleportation.
Wands
 v - a wand of flame (12)
Scrolls
 e - 2 scrolls of magic mapping
 l - a scroll of immolation {unknown}
 p - a scroll of amnesia {unknown}
 r - 3 scrolls of remove curse {unknown}
 x - 2 scrolls of enchant armour {unknown}
 y - 2 scrolls of blinking {unknown}
 B - 2 scrolls of teleportation {unknown}
 E - 2 scrolls of identify
Potions
 f - 3 potions of brilliance
 h - a potion of berserk rage {unknown}
 i - 3 potions of lignification
 j - a potion of agility {unknown}
 k - a potion of ambrosia {unknown}
 n - a potion of magic {unknown}
 t - 2 potions of haste {unknown}
 u - a potion of resistance {unknown}
 z - a potion of curing {unknown}
 A - a potion of flight {unknown}
 C - 2 potions of mutation {unknown}
 F - a potion of invisibility {unknown}
Comestibles
 c - 9 rations


   Skills:
 + Level 7.5 Fighting
 + Level 9.5 Polearms
 + Level 7.5 Armour
 - Level 3.0 Dodging
 - Level 0.3 Stealth
 + Level 1.1 Unarmed Combat


You had 7 spell levels left.
You didn't know any spells.
Your spell library was empty.

Dungeon Overview and Level Annotations

Branches:
Dungeon (7/15)             Temple (0/1) D:4

Altars:
Kikubaaqudgha
Makhleb
Ru
Xom
Zin

Shops:
D:4 %


Innate Abilities, Weirdness & Mutations

You reflexively headbutt those who attack you in melee.
You have a pair of horns on your head.


Message History

Your chain mail prevents you from hitting the orc warrior.
You headbutt the orc warrior!
The orc warrior is severely wounded.
The orc warrior barely misses you.
You hit the orc warrior but do no damage.
You headbutt the orc warrior.
The orc warrior is severely wounded.
The orc wizard hits you but does no damage.
The orc hits you but does no damage. The orc wizard closely misses you.
You furiously retaliate!
You headbutt the orc wizard, but do no damage.
You completely miss the orc warrior. You headbutt the orc warrior.
The orc warrior is almost dead.
The orc warrior hits you but does no damage.
The orc wizard hits you with a dagger. The orc closely misses you.
You hit the orc warrior but do no damage.
The orc warrior is almost dead.
The orc wizard closely misses you.
The orc warrior hits you with a glaive!!
You die...

##...#
#....##
#.....#
#.....##
#....$.##
#.......###
#..oo.#...#
#.)@o..#
#..)...#
#.)....#
#.....##
#.<...#
#.....#
#.###### #.
.#


You could see an orc warrior, an orc wizard and an orc.

Vanquished Creatures
  The ghost of Torikoriko the Grave Robber, a novice NaNe of Cheibriados (D:5)
  Duvessa (D:5)
  An ogre (D:5)
  A bullfrog (D:6)
  2 scorpions
  Dowan (D:5)
  A howler monkey (D:3)
  4 crimson imps
  A centaur skeleton (D:4)
  6 orc wizards
  Crazy Yiuf (D:4)
  6 orc priests
  Jessica (D:2)
  Natasha (twice) (D:3)
  7 worker ants
  Terence (D:3)
  6 adders
  An adder skeleton (D:6)
  A worm (D:4)
  2 dart slugs
  2 leopard geckos (D:1)
  25 orcs
  5 giant cockroaches
  6 goblins
  10 hobgoblins
  3 jackals (D:1)
  2 quokkas (D:2)
  2 ball pythons
  9 bats
  6 frilled lizards
  8 kobolds
  3 rats
128 creatures vanquished.

Notes
Turn   | Place    | Note
-------+----------+-------------------------------------------
     0 | D:1      | like the Minotaur Berserker began the quest for the Orb.
     0 | D:1      | Reached XP level 1. HP: 19/19 MP: 0/0
   232 | D:1      | Reached XP level 2. HP: 26/27 MP: 1/1
   335 | D:1      | Reached skill level 4 in Polearms
   684 | D:1      | Reached ** piety under Trog
   684 | D:1      | Reached XP level 3. HP: 30/34 MP: 2/2
  1194 | D:2      | Found an ancient bone altar of Kikubaaqudgha.
  1290 | D:2      | Noticed Jessica
  1300 | D:2      | Killed Jessica
  1300 | D:2      | Reached XP level 4. HP: 28/41 MP: 3/3
  1902 | D:3      | Reached skill level 5 in Fighting
  1902 | D:3      | Reached skill level 5 in Polearms
  1902 | D:3      | Reached XP level 5. HP: 44/48 MP: 4/4
  2123 | D:3      | Noticed Terence
  2125 | D:3      | Reached *** piety under Trog
  2133 | D:3      | Killed Terence
  2139 | D:3      | Reached XP level 6. HP: 56/56 MP: 5/5
  2184 | D:3      | Noticed Natasha
  2189 | D:3      | Killed Natasha
  2220 | D:3      | Noticed Natasha
  2224 | D:3      | Killed Natasha
  2224 | D:3      | Reached skill level 6 in Polearms
  2365 | D:4      | Found Xozib's Food Boutique.
  2400 | D:4      | Found a staircase to the Ecumenical Temple.
  2573 | D:4      | Received a gift from Trog
  2579 | D:4      | Reached XP level 7. HP: 54/62 MP: 6/6
  2786 | D:4      | Reached skill level 5 in Armour
  2935 | D:4      | Reached skill level 7 in Polearms
  2971 | D:4      | Found a runed door.
  2975 | D:4      | Noticed Crazy Yiuf
  2982 | D:4      | Killed Crazy Yiuf
  3650 | D:4      | Found a burning altar of Makhleb.
  3876 | D:5      | Entered Level 5 of the Dungeon
  3936 | D:5      | Received a gift from Trog
  3987 | D:5      | Found a runed door.
  3992 | D:5      | Noticed Torikoriko's ghost (novice NaNe)
  4011 | D:5      | Killed Torikoriko's ghost
  4011 | D:5      | Reached skill level 8 in Polearms
  4011 | D:5      | Reached XP level 8. HP: 50/71 MP: 7/7
  4276 | D:5      | Found a glowing silver altar of Zin.
  4276 | D:5      | Found a shimmering altar of Xom.
  4277 | D:5      | Noticed an angel
  4299 | D:5      | Noticed Duvessa
  4299 | D:5      | Noticed Dowan
  4311 | D:5      | Killed Dowan
  4327 | D:5      | Killed Duvessa
  4327 | D:5      | Reached skill level 1 in Unarmed Combat
  4567 | D:5      | Got a slimy steel amulet
  4676 | D:5      | Found a sacrificial altar of Ru.
  4702 | D:6      | Reached skill level 9 in Polearms
  4704 | D:6      | Reached **** piety under Trog
  5086 | D:7      | Slain by an orc warrior

Skill      XL: |  1  2  3  4  5  6  7  8 |
---------------+-------------------------+-----
Fighting       | 4 5 6 7 |  7.5
Polearms       | 4 5 6 8 9 |  9.5
Armour         | 3 4 6 7 |  7.5
Dodging        | 3 |  3.0
Unarmed Combat | 1 |  1.1
Stealth        | |  0.3

Action                   |  1- 3 |  4- 6 |  7- 9 || total
-------------------------+-------+-------+-------++-------
Melee: Spear             |    89 |   123 |   191 ||   403
       Headbutt          |     9 |    20 |    46 ||    75
       Unarmed           |       |       |     3 ||     3
Invok: Berserk           |       |     1 |       ||     1
  Use: Scroll            |     1 |     1 |     3 ||     5
  Eat: Chunk             |     1 |     5 |     8 ||    14
Armor: Animal skin       |    12 |       |       ||    12
       Chain mail        |    23 |    56 |    21 ||   100
       Scale mail        |       |    11 |    20 ||    31
       Ring mail         |       |       |    20 ||    20
       Skin              |       |       |     1 ||     1
Dodge: Dodged            |    59 |    72 |    83 ||   214
